 Dungeon Crawl Stone Soup version 0.19.1 (webtiles) character file.

15813 Letos the Transmogrifier (level 11, 0/89 HPs)
             Began as a Demigod Transmuter on Nov 29, 2016.
             Slain by a yak (10 damage)
             ... on level 1 of the Lair of Beasts.
             The game lasted 00:30:06 (17749 turns).

Letos the Transmogrifier (Demigod Transmuter)      Turns: 17749, Time: 00:30:06

Health: 0/89       AC: 12    Str: 19    XL:     11   Next: 73%
Magic:  22/28      EV: 19    Int: 25    God:
Gold:   594        SH:  0    Dex: 21    Spells: 4 memorised, 17 levels left

rFire  . . .     SeeInvis .       - Unarmed
rCold  . . .     Gourm    .     M - +2 leather armour {rC+}
rNeg   + . .     Faith    .     (shield currently unavailable)
rPois  .         Spirit   .     k - +2 helmet
rElec  .         Reflect  .     K - +0 cloak {MR+}
rCorr  .         Harm     +     (gloves currently unavailable)
MR     +++..                    r - +1 pair of boots
Stlth  +++.......               H - amulet of Fograhep {Harm *Drain rC- rN+ Int+8 Slay+2}
                                y - ring of protection from magic
                                p - +2 ring of evasion

@: agile, blade hands
A: high mp 1
a: End Transformation


You were on level 1 of the Lair of Beasts.
You were not hungry.
You had blades for hands.
You visited 3 branches of the dungeon, and saw 13 of its levels.

You collected 594 gold pieces.

Inventory:

Missiles
 a - 211 arrows
 f - 39 stones (quivered)
Armour
 k - a +2 helmet (worn)
 r - a +1 pair of boots (worn)
 C - a +1 leather armour of poison resistance
 K - a +0 cloak of magic resistance (worn)
 M - a +2 leather armour of cold resistance (worn)
Magical Staves
 O - an uncursed staff of air
Jewellery
 p - a +2 ring of evasion (left scythe-like blade)
 w - an uncursed amulet of the gourmand
 y - a ring of protection from magic (right scythe-like blade)
 B - an uncursed ring of ice
 H - the amulet of Fograhep (around neck) {Harm *Drain rC- rN+ Int+8 Slay+2}
   (You found it on level 6 of the Dungeon)

   [amulet of harm]

   It increases damage dealt and taken.
   It affects your intelligence (+8).
   It affects your accuracy and damage with ranged weapons and melee attacks
   (+2).
   It makes you vulnerable to cold.
   It protects you from negative energy.
   It causes draining when unequipped.
Wands
 o - a wand of flame (33/48)
 q - a wand of heal wounds (0/9)
 F - a wand of iceblast (0/15)
 G - a wand of disintegration (2/24)
 L - a wand of digging (9/24)
 N - a wand of iceblast (5/15)
Scrolls
 h - 6 scrolls of remove curse
 t - a scroll of enchant armour
 u - 3 scrolls of amnesia
 D - 2 scrolls of enchant weapon
 E - 2 scrolls of teleportation
 J - a scroll of identify
Potions
 b - a potion of resistance {unknown}
 e - a potion of curing
 j - 5 potions of flight
 m - 2 potions of lignification
 s - 3 potions of degeneration {unknown}
 v - a potion of mutation {unknown}
 I - a potion of invisibility {unknown}
 Q - a potion of brilliance {unknown}
Books
 c - a book of Changes

   Spells                             Type                      Level
   a - Beastly Appendage              Transmutation                1
   b - Sticks to Snakes               Transmutation                2
   c - Spider Form                    Transmutation/Poison         3
   d - Ice Form                       Ice/Transmutation            4
   e - Blade Hands                    Transmutation                5
Comestibles
 d - 4 bread rations
 g - 3 meat rations
 i - a beef jerky
 l - 2 royal jellies
 n - 32 fruits
 x - 2 slices of pizza
 z - 5 chunks of flesh


   Skills:
 + Level 5.8 Fighting
 + Level 6.0 Armour
 - Level 1.7 Dodging
 * Level 8.9 Unarmed Combat
 - Level 9.1 Spellcasting
 - Level 10.0 Transmutations


You had 17 spell levels left.
You knew the following spells:

 Your Spells              Type           Power        Failure   Level  Hunger
a - Beastly Appendage     Tmut           ######       8%          1    None
b - Sticks to Snakes      Tmut           ######..     10%         2    None
c - Blade Hands           Tmut           ######....   28%         5    ####...
d - Spider Form           Tmut/Pois      #####.....   24%         3    None


Dungeon Overview and Level Annotations

Branches:
Dungeon (11/15)            Temple (1/1) D:7            Lair (1/6) D:11
    Orc: D:9-12

Annotations:
D:10 exclusion: door


Innate Abilities, Weirdness & Mutations

You have an increased reservoir of magic. (+10% MP)


Message History

The wolf closely misses you.
The spriggan hits you but does no damage.
Sorry, you're not good enough to have a special ability.
Unknown command.
Casting: Blade Hands
Confirm with . or Enter, or press ? or * to list all spells.
Your hands turn into razor-sharp scythe blades.
The wolf barely misses you. The spriggan barely misses you.
The wolf closely misses you.
You slice the wolf!!
You kill the wolf!
Your Armour skill increases to level 6!
The spriggan hits you but does no damage.
You hit the yak.
The yak is lightly wounded.
The spriggan barely misses you.
You slash the yak!
The yak is moderately wounded.
The yak gores you!
You die...

######..#####.#####....##.###
.......................†.....
.............................
####.####.###.#.#..#P########
## ### #####..### # ###
#....### ### #
######.#########..##.###.###
.........YiY......<.........
.......>.YY@................
####..†###P##.###P##.##..#.
#..## ###### #######..##
#)..# ####...# .....P.
......... ♣P♣..8YYP..
......... ♣P .P%.♣♣♣...#
########. ♣ .P..P♣ P.♣. ##
..≈.... .P.


You could see 4 yaks and a spriggan.

Vanquished Creatures
  Sonja (D:10)
  The ghost of bluewall the Covert, a novice SpWn of Ashenzari (D:10)
  An unseen horror (D:11)
  The ghost of Sin92 the Carver, a novice GrBe of Hepliaklqana (D:7)
  6 hill giants
  A deep elf mage (D:10)
  2 ugly things (D:11)
  2 centaur zombies
  A two-headed ogre (D:10)
  A troll (D:8)
  4 hippogriffs
  A spriggan (Lair:1)
  A vampire (D:10)
  14 yaks
  A hungry ghost (D:10)
  2 wargs (D:11)
  A water moccasin (Lair:1)
  2 black bears
  2 phantoms
  4 orc warriors
  3 ice beasts
  4 sky beasts
  4 centaurs
  An ogre (D:8)
  4 wolves (Lair:1)
  2 crocodiles
  5 bullfrogs
  A big kobold (D:8)
  2 scorpions
  10 killer bees
  8 wights
  2 vampire bats (D:6)
  6 howler monkeys
  6 crimson imps
  A quasit (D:8)
  5 jellies
  A bullfrog zombie (D:5)
  4 hounds
  5 orc priests
  Crazy Yiuf (D:6)
  8 orc wizards
  Jessica (D:2)
  A centaur skeleton (D:4)
  4 iguanas
  Ijyb (D:2)
  8 worker ants
  A howler monkey zombie (D:8)
  2 worker ant zombies
  Robin (D:3)
  10 adders
  2 adder zombies
  A worm (D:2)
  7 leopard geckos
  22 orcs
  A ball python (D:3)
  14 bats
  5 giant cockroaches
  6 hobgoblins
  20 jackals
  8 kobolds
  2 quokkas
  4 frilled lizards
  18 goblins
  A leopard gecko skeleton (D:4)
  10 rats
  A spectral orc (D:4)
283 creatures vanquished.

Vanquished Creatures (collateral kills)
  A scorpion (D:4)
1 creature vanquished.

Vanquished Creatures (others)
  An orc warrior (D:7)
  A wight (D:7)
  An orc (D:8)
  A fungus (D:3)
  3 plants
7 creatures vanquished.

Grand Total: 291 creatures vanquished

Notes
Turn   | Place    | Note
-------+----------+-------------------------------------------
     0 | D:1      | Letos the Demigod Transmuter began the quest for the Orb.
     0 | D:1      | Reached XP level 1. HP: 15/15 MP: 5/5
   114 | D:1      | Reached skill level 2 in Transmutations
   186 | D:1      | Reached XP level 2. HP: 13/22 MP: 5/7
  1077 | D:2      | Reached XP level 3. HP: 24/27 MP: 6/8
  1098 | D:2      | Noticed Jessica
  1110 | D:2      | Killed Jessica
  1301 | D:2      | Learned a level 2 spell: Sticks to Snakes
  1454 | D:2      | Found a shattered altar of Ashenzari.
  1468 | D:2      | Noticed Ijyb
  1489 | D:2      | Killed Ijyb
  1489 | D:2      | Reached XP level 4. HP: 27/34 MP: 10/10
  1694 | D:2      | Found a hazy altar of Hepliaklqana.
  2267 | D:3      | Noticed Robin
  2629 | D:3      | Killed Robin
  2685 | D:3      | Found a glowing golden altar of the Shining One.
  2686 | D:3      | Found a deep blue altar of Sif Muna.
  2914 | D:3      | Reached skill level 3 in Transmutations
  2914 | D:3      | Reached XP level 5. HP: 22/39 MP: 9/11
  3104 | D:3      | Found a blossoming altar of Fedhas.
  3891 | D:2      | HP: 1/39 [orc/whip (3)]
  4081 | D:3      | Reached skill level 5 in Unarmed Combat
  4255 | D:4      | Reached XP level 6. HP: 24/46 MP: 12/12
  4877 | D:4      | Learned a level 5 spell: Blade Hands
  4919 | D:4      | Found a basalt altar of Yredelemnul.
  5404 | D:5      | Entered Level 5 of the Dungeon
  5608 | D:5      | Reached XP level 7. HP: 33/51 MP: 12/14
  6129 | D:6      | Found an iron altar of Okawaru.
  6258 | D:6      | Got a sparkling diamond amulet
  6358 | D:6      | Found a runed door.
  6937 | D:6      | Found a burning altar of Makhleb.
  7056 | D:6      | Noticed Crazy Yiuf
  7061 | D:6      | Killed Crazy Yiuf
  7165 | D:7      | Identified the amulet of Fograhep {Harm *Drain rC- rN+ Int+8 Slay+2} (You found it on level 6 of the Dungeon)
  7410 | D:6      | Reached skill level 4 in Transmutations
  7410 | D:6      | Reached XP level 8. HP: 30/58 MP: 16/16
  7705 | D:7      | Reached skill level 1 in Fighting
  7733 | D:7      | Found a staircase to the Ecumenical Temple.
  7760 | D:7      | Reached skill level 1 in Armour
  7773 | Temple   | Entered the Ecumenical Temple
  8104 | D:7      | Learned a level 3 spell: Spider Form
  8105 | D:7      | Found a sacrificial altar of Ru.
  8138 | D:7      | Found a shimmering altar of Xom.
  8370 | D:7      | Noticed Sin92's ghost (novice GrBe)
  8370 | D:7      | Identified a scroll of acquirement
  8393 | D:7      | Killed Sin92's ghost
  8741 | D:8      | Reached XP level 9. HP: 46/71 MP: 17/19
  8919 | D:8      | Reached skill level 5 in Transmutations
  9868 | D:8      | Reached skill level 5 in Spellcasting
 10346 | D:8      | Reached skill level 5 in Fighting
 10408 | D:8      | Found an opulent altar of Gozag.
 10644 | D:8      | Found a stormy altar of Qazlal.
 11083 | D:8      | Reached skill level 5 in Armour
 11083 | D:8      | Reached skill level 6 in Transmutations
 11973 | D:10     | Entered Level 10 of the Dungeon
 11996 | D:10     | Noticed a hill giant
 12002 | D:10     | Noticed Sonja
 12104 | D:10     | Noticed a hill giant
 12120 | D:10     | Killed a hill giant
 12120 | D:10     | Reached XP level 10. HP: 61/81 MP: 22/22
 12316 | D:10     | Reached skill level 7 in Transmutations
 12662 | D:10     | Killed a hill giant
 12736 | D:10     | Noticed bluewall's ghost (novice SpWn)
 12763 | D:10     | Killed bluewall's ghost
 12763 | D:10     | Reached skill level 8 in Transmutations
 13547 | D:10     | Noticed a hill giant
 13986 | D:10     | Killed a hill giant
 14333 | D:10     | Noticed a deep elf mage
 14374 | D:10     | Killed a deep elf mage
 15613 | D:10     | Killed Sonja
 15747 | D:10     | Noticed a hill giant
 15752 | D:10     | Killed a hill giant
 15752 | D:10     | Reached skill level 9 in Transmutations
 15752 | D:10     | Reached XP level 11. HP: 72/86 MP: 21/27
 16533 | D:11     | Found a staircase to the Lair.
 16561 | D:11     | Killed an unseen horror
 16965 | D:11     | Noticed a hill giant
 16971 | D:11     | Killed a hill giant
 16971 | D:11     | Reached skill level 10 in Transmutations
 17205 | D:11     | Noticed a hill giant
 17209 | D:11     | Noticed a seven-headed hydra
 17219 | D:10     | Killed a hill giant
 17423 | Lair:1   | Entered Level 1 of the Lair of Beasts
 17749 | Lair:1   | Slain by a yak

Skill      XL: |  1  2  3  4  5  6  7  8  9 10 11 |
---------------+----------------------------------+-----
Unarmed Combat | 3 4 5 6 7 8 |  8.9
Transmutations | 2 3 4 6 9 10 | 10.0
Spellcasting   | 2 3 4 6 8 9 |  9.1
Fighting       | 3 5 |  5.8
Armour         | 3 5 6 |  6.0
Dodging        | |  1.7

Action                   |  1- 3 |  4- 6 |  7- 9 | 10-12 || total
-------------------------+-------+-------+-------+-------++-------
Melee: Unarmed           |   105 |   245 |   489 |   348 ||  1187
       Headbutt          |     6 |    28 |    75 |    42 ||   151
       Kick              |     9 |       |       |       ||     9
       Punch             |     1 |     5 |    16 |    11 ||    33
       Dagger            |       |       |     6 |       ||     6
 Cast: Beastly Appendage |     6 |    19 |    46 |    23 ||    94
       Sticks to Snakes  |       |     2 |       |       ||     2
       Spider Form       |       |       |     1 |       ||     1
       Blade Hands       |       |       |       |    18 ||    18
 Abil: End Transformatio |       |       |       |     2 ||     2
Evoke: Wand              |       |     1 |     7 |     6 ||    14
  Use: Potion            |       |     5 |     2 |     9 ||    16
       Scroll            |       |     7 |     6 |     2 ||    15
 Stab: Distracted        |       |       |     1 |       ||     1
  Eat: Chunk             |     2 |    22 |    22 |     8 ||    54
       Bread ration      |       |       |     1 |       ||     1
       Fruit             |       |       |       |     3 ||     3
       Meat ration       |       |       |       |     2 ||     2
       Beef jerky        |       |       |       |     1 ||     1
Armor: Robe              |    33 |    45 |       |       ||    78
       Skin              |       |     9 |     1 |       ||    10
       Leather armour    |       |       |   158 |   177 ||   335
Dodge: Dodged            |    76 |   186 |   340 |   239 ||   841
